[Event "*** Titled Tuesday Blitz"]
[Site "Chess.com"]
[Date "2020.05.12"]
[Round "2"]
[White "smshk35"]
[Black "Kate1606"]
[Result "1-0"]
[WhiteElo "2389"]
[BlackElo "2060"]
[TimeControl "180+1"]
[EndTime "10:18:54 PDT"]
[Termination "smshk35 won by resignation"]

1. e4 c5 2. Nf3 g6 3. c3 Bg7 4. d4 cxd4 5. cxd4 d5 6. e5 Bg4 7.
Bb5+ Nd7 8. Nbd2 a6 9. Bd3 e6 10. h3 Bf5 11. Bxf5 gxf5 12. O-O Ne7 13. b3 O-O 14.
Ba3 b5 15. Ne1 a5 16. Bd6 Re8 17.
Bxe7 Qxe7 18. Nd3 Rac8 19. Nf4 Kh8 20. Qe2 b4 21. Qh5 Nxe5 22. dxe5 Bxe5 23. Nd3 Bxa1 24.
Rxa1 Qf6 25. Re1 e5 26. Nf3 e4 27. Ng5 Qg6 28. Nxf7+ Kg7 29. Qxg6+ hxg6 30. Nd6 exd3 31.
Rd1 Rcd8 32. Nxe8+ Rxe8 33. Rxd3 Rd8 34. f4 Kf6 35.
Rd4 Ke6 36. Kf2 Rc8 37. Rd2 Rc3 38. Re2+ Kd6 39. Re3 Rc2+ 40. Re2 Rxe2+ 41. Kxe2 Kc5 42.
Kd3 d4 43. g4 fxg4 44. hxg4 Kd5 45. f5 gxf5 46. gxf5 Ke5 47. f6 Kxf6 48. Kxd4 Ke6 49.
Kc5 Ke5 50. Kb5 Kd5 51. Kxa5 Kc5 52. Ka4 Kc6 53. Kxb4 Kb6 54. a4 Ka6 55. a5 Ka7 56.
Kb5 Ka8 57. a6 Ka7 58. Ka5 Ka8 59. b4 Ka7 60. b5 Ka8 61. b6 Kb8 62. Kb5 Ka8 63. Kc6 Kb8 64. b7 Ka7 65. Kc7 Kxa6 66.
b8=Q 1-0

[Event "*** Titled Tuesday Blitz"]
[Site "Chess.com"]
[Date "2020.05.12"]
[Round "2"]
[White "XDPS"]
[Black "Baronessa08"]
[Result "1-0"]
[WhiteElo "2681"]
[BlackElo "2465"]
[TimeControl "180+1"]
[EndTime "10:18:56 PDT"]
[Termination "XDPS won on time"]

1. e4 c5 2. Nf3 Nc6 3. Bb5 e6 4. Bxc6 bxc6 5. O-O Ne7 6. d3 d6 7. e5 Ng6 8. exd6 Bxd6 9. Nc3 O-O 10. Re1 e5 11. Ne4 Be7 12. Be3 f5 13. Nc3 Be6 14. Na4 c4 15. Bc5 cxd3 16. Bxe7 Qxe7 17. Nxe5 Nxe5 18. Rxe5 Qd6 19. Re3 Bc4 20. cxd3 Bd5 21. Nc3 f4 22. Re1 f3 23. Nxd5 cxd5 24. Qa4 Qg6 25. g3 Qf5 26. Qh4 Qxd3 27. Rad1 Qf5 28. h3 Rae8 29. Qg4 Re2 30. Kf1 Qxg4 31. hxg4 Rfe8 32.
Rb1 d4 33. Red1 Rd8 34. Rd3 Rc8 35. Rxf3 Rcc2 36. a4 Rxb2 37. Rd1 Red2 38. Re1 h6 39. Re8+ Kh7 40. Re7 Rd1+ 41. Kg2 d3 42. Rff7 d2 43.
Rxg7+ Kh8 44. Rh7+ Kg8 45. Reg7+ Kf8 46. Rd7 Ke8 47.
Rhe7+ Kf8 48. Re2 1-0

[Event "*** Titled Tuesday Blitz"]
[Site "Chess.com"]
[Date "2020.05.12"]
[Round "2"]
[White "SketchyMoves"]
[Black "gui_borba"]
[Result "1-0"]
[WhiteElo "2632"]
[BlackElo "2338"]
[TimeControl "180+1"]
[EndTime "10:18:56 PDT"]
[Termination "SketchyMoves won by resignation"]

1. b3 Nc6 2. Bb2 e5 3. e3 Nf6 4.
Nf3 Bd6 5. d4 Qe7 6. Be2 O-O 7.
c4 exd4 8. Nxd4 Nxd4 9. Qxd4 Re8 10. Nc3 Be5 11. Qd2 d6 12. O-O Ne4 13. Nxe4 Bxb2 14.
Qxb2 Qxe4 15. Rfd1 Qe5 16. Rd4 Be6 17. Rad1 Rad8 18. Qd2 a5 19. Bf3 b5 20. Bc6 Bd7 21. Bxb5 Bxb5 22. Rd5 Qe6 23. Rxb5 a4 24. Qd5 axb3 25.
Qxe6 fxe6 26. axb3 Rb8 27. Rxb8 Rxb8 28. Rd3 Kf7 29. Kf1 e5 30. Ke2 Ke6 31. Kd2 Ra8 32. Kc3 Ra1 33. Rd2 c6 34. e4 g5 35. b4 g4 36. Rb2 Rh1 37. b5 cxb5 38. cxb5 Kd7 39. b6 Kc8 40. b7+ Kb8 41. Kc4 Rxh2 42. g3 Rh1 43.
Kd5 Rd1+ 44. Kc6 Rd4 45. Ra2 Rc4+ 46. Kd5 Rd4+ 47. Kc6 Rc4+ 48. Kxd6 Rxe4 49. Kc6 Rc4+ 50. Kd5 Rc3 51. Rb2 h5 52. Kxe5 h4 53. gxh4 Rh3 54. Kf4 Rxh4 55. Kg3 Rh7 56. Kxg4 Rxb7 57. Rxb7+ Kxb7 58. f4 Kc6 59. Kg5 Kd7 60. Kf5 Ke8 61. Ke6 Kf8 62.
f5 Ke8 63. f6 Kf8 64. f7 1-0

[Event "*** Titled Tuesday Blitz"]
[Site "Chess.com"]
[Date "2020.05.12"]
[Round "2"]
[White "ristingho"]
[Black "Drags95"]
[Result "1-0"]
[WhiteElo "2514"]
[BlackElo "2729"]
[TimeControl "180+1"]
[EndTime "10:18:57 PDT"]
[Termination "ristingho won by resignation"]

1. d4 Nf6 2. c4 e6 3. Nc3 Bb4 4. Nf3 b6 5. e3 O-O 6. Bd3 d5 7. O-O Ba6 8. cxd5 exd5 9. a3 Be7 10. b4 Bxd3 11. Qxd3 Re8 12. Ne5 Bd6 13. f4 c5 14.
Rb1 c4 15. Qc2 Nbd7 16. Bd2 a6 17. Rf3 b5 18. Rh3 Qc7 19. Nxd5 Nxd5 20. Qxh7+ Kf8 21. Qh8+ Ke7 22. Qxg7 Bxe5 23. fxe5 Rg8 24. Qh6 Raf8 25. e4 N5b6 26. Qh4+ Ke8 27. Rf3 Qc6 28. d5 Qg6 29.
Rg3 Rh8 30. Qf4 Qh6 31. Qxh6 Rxh6 32. Bxh6 Nxe5 33. Bxf8 Kxf8 34. d6 Ke8 35. Rd1 Kd7 36. Rg5 f6 37. Rf5 Ke6 38. h4 c3 39. h5 Nbc4 40.
Rf2 Ne3 41. Rc1 N3g4 42. Rxc3 Nxf2 43. Kxf2 Kxd6 44. h6 Ng4+ 45. Kg3 Nxh6 46. Kf4 Nf7 47.
Rd3+ Ke6 48. g4 Ne5 49. Rd8 Ng6+ 50. Ke3 Ne5 51. Ra8 Nxg4+ 52. Kf4 Ne5 53. Rxa6+ Ke7 54. Ra7+ Kd6 55. a4 bxa4 56. Rxa4 Kc6 57. Ra6+ Kb5 58. Rxf6 1-0

[Event "*** Titled Tuesday Blitz"]
[Site "Chess.com"]
[Date "2020.05.12"]
[Round "2"]
[White "etesungam"]
[Black "maurito96"]
[Result "0-1"]
[WhiteElo "2415"]
[BlackElo "2220"]
[TimeControl "180+1"]
[EndTime "10:18:57 PDT"]
[Termination "maurito96 won by resignation"]

1. d4 Nf6 2. Nf3 e6 3. c4 c5 4.
d5 exd5 5. cxd5 d6 6. Nc3 g6 7. e4 Bg7 8. h3 O-O 9. Bd3 a6 10. a4 Nh5 11. O-O Nd7 12. Re1 Re8 13. Bg5 Bf6 14. Bxf6 Qxf6 15. Qc2 Ne5 16. Nxe5 Rxe5 17.
a5 Bxh3 18. Re3 Bxg2 19. Kxg2 Nf4+ 20. Kg1 Qh4 21. Rg3 Nh5 22. Rg2 Nf4 23. Rg3 Rh5 24.
Kf1 Qh1+ 25. Rg1 Qh3+ 26. Ke1 Nxd3+ 27. Kd2 Ne5 28. Kc1 Qd3 29. Kb1 Rh2 30. Nd1 Qxc2+ 31.
Kxc2 Re8 32. Ra3 Kg7 33. Rb3 Re7 34. Rgg3 h5 35. Kc3 h4 36. Re3 Ng4 37. Rf3 Nf6 38.
e5 dxe5 39. Ne3 e4 40. Rf4 h3 41. Rxf6 Kxf6 42. Ng4+ Kg5 43. Nxh2 e3 44. d6 e2 45. dxe7 e1=Q+ 46. Kc4 Qxe7 47. Rg3+ Kf6 48. Rf3+ Kg7 49.
Re3 Qh4+ 50. Kxc5 Qxf2 51. Ng4 Qxe3+ 52. Nxe3 h2 0-1

[Event "*** Titled Tuesday Blitz"]
[Site "Chess.com"]
[Date "2020.05.12"]
[Round "2"]
[White "Buffy7"]
[Black "Gergo85"]
[Result "0-1"]
[WhiteElo "2695"]
[BlackElo "2493"]
[TimeControl "180+1"]
[EndTime "10:18:58 PDT"]
[Termination "Gergo85 won by checkmate"]

1. e4 c6 2. Nc3 d5 3. Nf3 dxe4 4.
Nxe4 Nf6 5. Qe2 Nxe4 6. Qxe4 Nd7 7. Bc4 Nf6 8. Qe2 Bf5 9. Ne5 e6 10. d3 Bd6 11. Bd2 Qc7 12. f4 O-O-O 13. g4 Bxe5 14.
gxf5 Bxf4 15. fxe6 Bxd2+ 16. Kxd2 Qf4+ 17. Kc3 Qd4+ 18. Kb3 b5 19. c3 bxc4+ 20. dxc4 Qb6+ 21. Kc2 Rhe8 22. e7 Rd7 23. Rhe1 Qc7 24. Qg2 Rdxe7 25. Rxe7 Rxe7 26. Rd1 g6 27. b4 Ne4 28. Qh3+ Kb7 29.
Qe3 f5 30. c5 Qxh2+ 31. Kb3 Qe5 32. Kb2 f4 33. Qf3 g5 34. Rd8 g4 35. Qd3 Qe6 36.
b5 Nxc5 37. Qd4 Qe2+ 38. Ka3 Qe5 39. bxc6+ Kc7 40. Qb4 Kxc6 41. Rc8+ Rc7 42. Rb8 Qd6 43. Qb5+ Kd5 44. Qb4 Ne4 45. Rb5+ Ke6 46. Ka4 Qxb4+ 47.
Rxb4 Nxc3+ 48. Ka5 f3 49. Rxg4 Nd5 50. Rf4 Nxf4 51.
Ka6 f2 52. a4 f1=Q+ 53. Ka5 Qe1+ 54. Kb5 Qb1+ 55. Ka5 Rc5+ 56. Ka6 Qb6# 0-1

[Event "*** Titled Tuesday Blitz"]
[Site "Chess.com"]
[Date "2020.05.12"]
[Round "2"]
[White "cassoulet"]
[Black "djano"]
[Result "1-0"]
[WhiteElo "2664"]
[BlackElo "2434"]
[TimeControl "180+1"]
[EndTime "10:18:58 PDT"]
[Termination "cassoulet won by resignation"]

1. e4 e5 2. Nf3 Nc6 3. Bb5 a6 4. Ba4 d6 5. O-O Nf6 6. Qe2 Be7 7.
c3 O-O 8. d4 b5 9. Bb3 Bg4 10.
Rd1 exd4 11. cxd4 d5 12. e5 Ne4 13. a4 Na5 14. Bc2 f5 15. axb5 axb5 16. Qxb5 Bxf3 17. gxf3 c6 18. Qf1 Ng5 19. Bxg5 Bxg5 20. b3 Bf4 21.
Nc3 Rb8 22. Ne2 Qg5+ 23. Kh1 Nxb3 24. Bxb3 Rxb3 25. Qh3 Qh6 26. Qxh6 Bxh6 27. Kg2 Rc8 28. f4 g6 29. Rdc1 Bf8 30. Ra5 Bb4 31. Ra7 Bf8 32.
Nc3 Rbb8 33. Rc2 Ra8 34. Rd7 Rd8 35. Rxd8 Rxd8 36. Na4 Rc8 37. Nb6 Rb8 38. Rxc6 Bh6 39. Nxd5 Rd8 40. Rc5 Bf8 41. Nf6+ Kf7 42. Rc7+ Be7 43.
d5 Kf8 44. Nxh7+ Ke8 45. d6 Bh4 46. Kh3 Bxf2 47. Nf6+ Kf8 48. Rh7 Bb6 49. Nd7+ Kg8 50. Nf6+ Kf8 51. Rb7 Ba5 52. Kh4 Bd2 53. Kg5 Ra8 54.
Kxg6 1-0

[Event "*** Titled Tuesday Blitz"]
[Site "Chess.com"]
[Date "2020.05.12"]
[Round "2"]
[White "IljaJoke"]
[Black "12teen"]
[Result "1/2-1/2"]
[WhiteElo "2522"]
[BlackElo "2770"]
[TimeControl "180+1"]
[EndTime "10:18:59 PDT"]
[Termination "Game drawn - insufficient material"]

1. d4 e6 2. c4 d5 3. Nf3 Nf6 4. g3 b6 5. Bg2 Bb7 6. cxd5 Bxd5 7. Nc3 Bb7 8. O-O Nbd7 9. Re1 c5 10. e4 cxd4 11.
Nxd4 a6 12. Be3 Bb4 13. Rc1 Bxc3 14. Rxc3 Bxe4 15. Nc6 Bxc6 16. Bxc6 Rc8 17. Qd6 Qc7 18. Bxd7+ Qxd7 19. Rxc8+ Qxc8 20. Bxb6 Nd7 21. Bd4 Qb8 22. Qa3 e5 23. f4 f6 24. fxe5 fxe5 25. Bxe5 Nxe5 26. Qc5 Kf7 27. Rxe5 Re8 28. Qd5+ Kg6 29. Rg5+ Kf6 30. Qf5+ Ke7 31. Rxg7+ Kd6 32. Rd7+ Kc6 33. Qd5+ Kb6 34. Qb3+ Kc6 35. Qa4+ Qb5 36. Qxb5+ axb5 37. Rxh7 Re1+ 38. Kg2 Re2+ 39. Kf3 Rxb2 40. h4 Rxa2 41. Kg4 b4 42. Rh6+ Kc5 43. Rh8 Ra5 44. Rc8+ Kd4 45. Rb8 Kc4 46. h5 Rb5 47. Rc8+ Kd3 48. Rc1 b3 49. h6 b2 50. Rh1 b1=Q 51. Rxb1 Rxb1 52.
Kf5 Rh1 53. Kg6 Ke4 54. h7 Kf3 55. Kg7 Rxh7+ 56. Kxh7 Kxg3 1/2-1/2

[Event "*** Titled Tuesday Blitz"]
[Site "Chess.com"]
[Date "2020.05.12"]
[Round "2"]
[White "StockholmMissile"]
[Black "mbojan"]
[Result "0-1"]
[WhiteElo "2449"]
[BlackElo "2673"]
[TimeControl "180+1"]
[EndTime "10:18:59 PDT"]
[Termination "mbojan won on time"]

1. d4 Nf6 2. c4 c5 3. d5 b5 4. Qc2 bxc4 5. e4 g6 6. Bxc4 d6 7. Nf3 Bg7 8. h3 O-O 9. O-O Ba6 10. Na3 Nfd7 11. Bd2 Bxc4 12. Nxc4 Qc8 13. Bc3 Bxc3 14. bxc3 Qa6 15. Nfd2 Nb6 16. Qd3 N8d7 17. Nb2 Qxd3 18.
Nxd3 Na4 19. Rfc1 Rab8 20. Nc4 Rb5 21. f4 Ndb6 22. Nxb6 Rxb6 23. e5 Nb2 24. Nxb2 Rxb2 25. exd6 exd6 26. Re1 Rd2 27. Red1 Rxd1+ 28. Rxd1 Rb8 29.
Re1 Kf8 30. Kf2 Rb5 31. Re2 Ra5 32. Ke3 Ra4 33. Kf3 Ra3 34. Rc2 Ke7 35. Ke3 Kf6 36. Ke4 Ra4+ 37. Kf3 h6 38. Rb2 Ra3 39. Rc2 g5 40.
fxg5+ hxg5 41. Ke4 Ra4+ 42. Kd3 Ke5 43. Re2+ Kxd5 44. Re7 Rxa2 45. Rxf7 Rxg2 46. Rxa7 Rg3+ 47. Kd2 Rxh3 48. Rg7 Rg3 49. Rg6 Ke5 50. Kc2 c4 51. Kd2 d5 52. Rg8 g4 53. Ke2 Rxc3 54. Rxg4 Rd3 55.
Rh4 Kd6 56. Rh8 Kc5 57. Rb8 Kd4 58. Rh8 Re3+ 59. Kd2 Re4 60. Kc2 Re2+ 61. Kd1 Ra2 62.
Rh3 c3 63. Kc1 Kc4 64. Rh8 d4 65. Rh7 Rg2 0-1

[Event "*** Titled Tuesday Blitz"]
[Site "Chess.com"]
[Date "2020.05.12"]
[Round "2"]
[White "MaxVavulin"]
[Black "Berant"]
[Result "1-0"]
[WhiteElo "2638"]
[BlackElo "2338"]
[TimeControl "180+1"]
[EndTime "10:18:59 PDT"]
[Termination "MaxVavulin won by checkmate"]

1. e4 c5 2. Nf3 Nc6 3. d4 cxd4 4. Nxd4 e5 5. Nb5 Nf6 6. N1c3 d6 7. Bg5 a6 8. Na3 b5 9. Bxf6 Qxf6 10. Nd5 Qd8 11.
Bxb5 axb5 12. Nxb5 Ra7 13. Nxa7 Nxa7 14. c3 Bd7 15.
Qb3 Nc6 16. Qb7 Qb8 17. Qxb8+ Nxb8 18. a4 Be7 19. a5 Na6 20. b4 Bc6 21. Kd2 Kd7 22. Kd3 f5 23. f3 Bxd5 24. exd5 Rb8 25. Rab1 Rb5 26. Kc4 Rb8 27. Kb3 Bg5 28. Rhe1 e4 29.
fxe4 fxe4 30. Ka4 e3 31. c4 Rc8 32. c5 dxc5 33. b5 Nb8 34. a6 Kd6 35. a7 Nd7 36. b6 Ra8 37. Kb5 Kxd5 38. Ka6 Nxb6 39. Kxb6 Rf8 40.
Ka6 Kd4 41. Rb8 Rf6+ 42. Ka5 e2 43. Rxe2 Bd2+ 44. Rxd2+ Kc3 45. a8=Q c4 46. Qd5 Rf5 47. Qxf5 Kxd2 48. Qf3 Kc1 49. Rc8 c3 50. Rxc3+ Kb2 51.
Qd3 Ka1 52. Rc2 Kb1 53. Qd1# 1-0

[Event "*** Titled Tuesday Blitz"]
[Site "Chess.com"]
[Date "2020.05.12"]
[Round "2"]
[White "Boninknights"]
[Black "FelixJoseYnojosa"]
[Result "1/2-1/2"]
[WhiteElo "2242"]
[BlackElo "2598"]
[TimeControl "180+1"]
[EndTime "10:18:59 PDT"]
[Termination "Game drawn by repetition"]

1. d4 Nf6 2. Nf3 e6 3. c4 d5 4. Nc3 c6 5. Qb3 Bd6 6. Bg5 h6 7. Bh4 O-O 8. e3 Nbd7 9. Rc1 a6 10. Bd3 dxc4 11. Qxc4 Qe7 12. O-O b5 13. Qxc6 Ra7 14.
Ne4 Bb8 15. Nxf6+ gxf6 16. Qxc8 Rxc8 17. Rxc8+ Kg7 18. Rfc1 Bd6 19. e4 e5 20. Bg3 Nb6 21. R8c6 Rc7 22. Nh4 Qd7 23. Nf5+ Kh7 24. d5 Rxc6 25.
Rxc6 Nc8 26. Rxa6 Kg6 27. h4 h5 28. Rc6 Be7 29. Bxe5 Bd8 30. Bc3 Na7 31. e5 Nxc6 32. Ne7+ Kg7 33. Nxc6 Qxd5 34. Nxd8 Qxd8 35. exf6+ Kg8 36.
Bxb5 Qd1+ 37. Kh2 Qg4 38. g3 Qf5 39. Bf1 Qxf2+ 40. Bg2 Kh7 41. a4 Kg6 42. a5 Qe2 43.
Kh3 Kf5 44. Bb7 Qg4+ 45. Kh2 Qe2+ 46. Kh3 Qg4+ 47. Kh2 Qe2+ 48. Kh3 1/2-1/2

[Event "*** Titled Tuesday Blitz"]
[Site "Chess.com"]
[Date "2020.05.12"]
[Round "2"]
[White "Stewie_89"]
[Black "chenrip"]
[Result "0-1"]
[WhiteElo "2615"]
[BlackElo "2331"]
[TimeControl "180+1"]
[EndTime "10:18:59 PDT"]
[Termination "chenrip won by resignation"]

1. e4 e6 2. d4 d5 3. Nd2 Nf6 4.
e5 Nfd7 5. f4 c5 6. c3 Nc6 7. Ndf3 Qb6 8. g3 cxd4 9. cxd4 Bb4+ 10. Kf2 O-O 11. Kg2 f5 12. h3 a5 13. g4 Nd8 14.
Bd3 Nb8 15. Ne2 Nbc6 16. Kh2 Kh8 17. Rg1 Bd7 18. a3 Be7 19. b3 Rc8 20. Ra2 Na7 21.
Ng3 Nb5 22. Be3 Nc3 23. Qd2 Nxa2 24. Qxa2 Rc3 25. Ne1 Qxb3 26. Qe2 Qxa3 27. Bd2 Rb3 28. Bc2 Rb6 29. Nh5 g6 30. Nf6 Bb5 31. Qg2 Bxf6 32. exf6 Rxf6 33. Qf2 Qe7 34. Nf3 Nc6 35. gxf5 exf5 36.
Ng5 Qe2 37. Qxe2 Bxe2 38. Re1 Bc4 39. Bc1 Rf8 40. Ba3 Rc8 41. Nf7+ Kg7 42. Nd6 Rd8 43. Ba4 h6 44. Ne8+ Kg8 45. Nf6+ Kg7 46. Ne8+ Kh8 47.
Nc7 Bd3 48. Re6 Kh7 49. Be7 Rd7 50. Bc5 Rb2+ 51. Kg3 Rxc7 52. Re8 Be4 53. Bd6 Rf7 54. Be5 Nxe5 55. dxe5 Rg2+ 56. Kh4 g5+ 57. fxg5 hxg5+ 0-1

[Event "*** Titled Tuesday Blitz"]
[Site "Chess.com"]
[Date "2020.05.12"]
[Round "2"]
[White "RitvarsReimanis"]
[Black "Evgeny81"]
[Result "1-0"]
[WhiteElo "2494"]
[BlackElo "2700"]
[TimeControl "180+1"]
[EndTime "10:19:00 PDT"]
[Termination "RitvarsReimanis won on time"]

1. d4 e6 2. c4 Nf6 3. Nf3 Bb4+ 4. Bd2 Qe7 5. g3 Bxd2+ 6. Nbxd2 d6 7. e4 e5 8. Bg2 Bg4 9. d5 a5 10. O-O O-O 11.
h3 Bxf3 12. Bxf3 Na6 13. Nb3 Nd7 14. Nc1 Nac5 15. Qe2 g6 16. g4 f5 17. gxf5 gxf5 18. exf5 e4 19. Bg4 Ne5 20. Kh1 Kh8 21. f4 exf3 22.
Rxf3 Qh4 23. Re3 Rae8 24. Qe1 Qxe1+ 25. Rxe1 Nxc4 26. Nb3 Nd3 27. Rxe8 Rxe8 28. Nd4 Re4 29. Ne6 Nce5 30. Kg2 Nxg4 31. hxg4 Rxg4+ 32. Kf3 Ne5+ 33. Ke3 Kg8 34. Rc1 c6 35. dxc6 bxc6 36. Rd1 Kf7 37. b3 Ke7 38. Rh1 Kf6 39. Rxh7 Rg3+ 40.
Ke4 d5+ 41. Kd4 Rd3+ 42. Kc5 Kxf5 43. Nd4+ Ke4 44. Ne6 Rc3+ 45. Kd6 Nf3 46. Nc5+ Ke3 47. Kxc6 d4 48. Kb5 d3 49. Re7+ Kf4 50. Rf7+ 1-0

[Event "*** Titled Tuesday Blitz"]
[Site "Chess.com"]
[Date "2020.05.12"]
[Round "2"]
[White "HouseOfDurin"]
[Black "tufferguy"]
[Result "1-0"]
[WhiteElo "2003"]
[BlackElo "2360"]
[TimeControl "180+1"]
[EndTime "10:19:03 PDT"]
[Termination "HouseOfDurin won by checkmate"]

1. d4 Nf6 2. Bg5 Ne4 3. h4 d5 4. Nd2 Nxd2 5. Qxd2 Bf5 6. e3 c6 7. Bd3 Bxd3 8. Qxd3 Qb6 9. O-O-O Nd7 10. e4 e6 11.
e5 c5 12. Ne2 cxd4 13. Nxd4 Nxe5 14. Qe2 Nc4 15. Nb3 a5 16. Rxd5 a4 17. Rhd1 Be7 18. Bxe7 Kxe7 19. Rd7+ Kf8 20. Qxc4 axb3 21. Qxb3 Qxb3 22.
cxb3 g6 23. Rd8+ Rxd8 24. Rxd8+ Kg7 25. Rxh8 Kxh8 26. a4 Kg7 27. a5 Kf8 28. b4 Ke7 29.
b5 Kd6 30. b4 e5 31. Kd2 f5 32. Kd3 h6 33. Kc4 g5 34. hxg5 hxg5 35. g3 e4 36. g4 fxg4 37. Kd4 e3 38. Kxe3 Ke5 39. Ke2 Kd5 40. a6 bxa6 41. bxa6 Kc6 42. b5+ Kb6 43. Ke3 Ka7 44. Ke4 Kb6 45. Kf5 Ka7 46. Kxg4 Kb6 47.
Kxg5 Ka7 48. f4 Kb6 49. f5 Ka7 50. f6 Kb6 51. f7 Ka7 52. f8=Q Kb6 53. Qb8+ Ka5 54.
a7 Kb4 55. a8=Q Kc5 56. Qbb7 Kc4 57. Qc6+ Kb4 58. b6 Kb3 59. Qcc8 Kb2 60. b7 Kb1 61. b8=Q# 1-0

[Event "*** Titled Tuesday Blitz"]
[Site "Chess.com"]
[Date "2020.05.12"]
[Round "2"]
[White "Ave_Mariia"]
[Black "grzechu96"]
[Result "0-1"]
[WhiteElo "2247"]
[BlackElo "2609"]
[TimeControl "180+1"]
[EndTime "10:19:04 PDT"]
[Termination "grzechu96 won by resignation"]

1. c4 e5 2. Nc3 Nf6 3. g3 d5 4. cxd5 Nxd5 5. Bg2 Nb6 6. Nf3 Nc6 7. d3 Be7 8. O-O O-O 9. Be3 Re8 10. Rc1 Bf8 11.
Ne4 Nd4 12. Nc5 c6 13. Qd2 Nf5 14. b4 Nd5 15. Bg5 f6 16. e4 fxg5 17. exd5 g4 18. Ng5 cxd5 19. h3 gxh3 20. Bxh3 Nd4 21. Bg2 b6 22. Nb3 Nxb3 23. axb3 h6 24. Nf3 Qd6 25. d4 e4 26. Ne5 Qxb4 27. Qf4 Be6 28. Rc6 Bd6 29.
Rfc1 Rad8 30. Qe3 Bxe5 31. dxe5 d4 32. Qxe4 Qxb3 33. Qg6 Re7 34. Rc7 Bf7 35. Qg4 Rxc7 36. Rxc7 Qe6 37. Qe4 d3 38. Rc1 d2 39. Rd1 Bg6 40.
Qe2 Qd7 41. Be4 Bxe4 42. Qxe4 Qd5 43. Qe2 Qd3 44. Qxd3 Rxd3 45. Kf1 Kf7 46. Ke2 Rd5 47.
f4 Ke6 48. Ke3 g6 49. Ke4 h5 50. Ke3 b5 51. Rxd2 Rxd2 52. Kxd2 a5 53. Kc3 a4 54. Kb4 g5 55. Ka3 gxf4 56. gxf4 h4 0-1

[Event "*** Titled Tuesday Blitz"]
[Site "Chess.com"]
[Date "2020.05.12"]
[Round "2"]
[White "Saloni1299"]
[Black "Norival"]
[Result "0-1"]
[WhiteElo "2312"]
[BlackElo "2637"]
[TimeControl "180+1"]
[EndTime "10:19:04 PDT"]
[Termination "Norival won by resignation"]

1. e4 e5 2. Nf3 Nc6 3. Bb5 a6 4. Ba4 Nge7 5. c3 d6 6. d4 Bd7 7. O-O g6 8. Be3 Bg7 9. d5 Nb8 10.
Bc2 O-O 11. Qd2 Bg4 12. Ne1 Bc8 13. Bh6 f5 14. Bxg7 Kxg7 15. f3 Nd7 16. Qe2 Nf6 17. Nd2 g5 18. exf5 Nxf5 19. c4 a5 20. Ne4 h6 21. Nd3 Nd4 22. Qd2 b6 23. Ndf2 Nh5 24. Kh1 Bd7 25. Rae1 Qe7 26. Bb1 Rae8 27. Nd1 Kg8 28. Qc3 Qg7 29. a3 a4 30. Qd2 Nf4 31. Ndc3 Re7 32. Nb5 Nxb5 33. cxb5 Bxb5 34. Rf2 Bc4 35.
Nc3 b5 36. Be4 h5 37. Nd1 g4 38. Ne3 Ref7 39. Nxc4 bxc4 40. Qc3 g3 41. Rd2 gxh2 42.
Qxc4 h4 43. Qxa4 Qg3 44. Rc1 Rg7 45. Qc2 h3 46. Bg6 Rxg6 47. Qxg6+ Qxg6 48. g4 Qf6 49. Kxh2 Ng6 50. Rxc7 Qxf3 51. Rc3 Qf4+ 52. Kxh3 Qxd2 53. Rg3 Qh6+ 54. Kg2 Nf4+ 55. Kg1 Qg5 0-1

[Event "*** Titled Tuesday Blitz"]
[Site "Chess.com"]
[Date "2020.05.12"]
[Round "2"]
[White "dosto07"]
[Black "kingofthenil"]
[Result "0-1"]
[WhiteElo "2208"]
[BlackElo "2469"]
[TimeControl "180+1"]
[EndTime "10:19:05 PDT"]
[Termination "kingofthenil won by checkmate"]

1. e4 Nc6 2. Nf3 d5 3. exd5 Qxd5 4. Nc3 Qh5 5. d4 Bg4 6. Be2 O-O-O 7. Be3 e5 8. d5 Nf6 9. O-O Nb4 10. h3 Bxf3 11.
Bxf3 Qg6 12. Qe2 Nxc2 13. Rad1 Nxe3 14. fxe3 Bc5 15. Na4 Bd6 16. e4 Kb8 17. Rc1 Nd7 18.
a3 Nb6 19. Nxb6 axb6 20. Bh5 Qg5 21. Bxf7 Rhf8 22. Be6 Rf4 23. Rxf4 exf4 24. Rf1 Qe5 25.
b4 Rf8 26. Qf3 h5 27. Rd1 g5 28. Rf1 g4 29. hxg4 hxg4 30. Qxg4 f3 31. Rxf3 Qd4+ 32.
Kf1 Qd1+ 33. Kf2 Qd2+ 34. Kf1 Rh8 35. Rh3 Rf8+ 36. Bf5 Be5 37. Qe2 Qc1+ 38. Qe1 Qc4+ 39. Kg1 Qd4+ 40. Kh1 Bd6 41. Qe2 Qe5 42. Kg1 Qa1+ 43.
Qf1 Qd4+ 44. Qf2 Qe5 45. Qf3 Rg8 46. Rh7 Qa1+ 47. Qf1 Qd4+ 48. Qf2 Qd1+ 49. Qf1 Qd2 50. Qf2 Qc1+ 51. Qf1 Qxa3 52. Qf3 Qxb4 53. Qe3 Bc5 54.
Qxc5 Qxc5+ 55. Kf1 Qc1+ 56. Kf2 Qc2+ 57. Kf3 Qxg2+ 58. Kf4 Qg3# 0-1

[Event "*** Titled Tuesday Blitz"]
[Site "Chess.com"]
[Date "2020.05.12"]
[Round "2"]
[White "GjakanTati"]
[Black "Nara_Kh"]
[Result "1-0"]
[WhiteElo "2633"]
[BlackElo "2315"]
[TimeControl "180+1"]
[EndTime "10:19:06 PDT"]
[Termination "GjakanTati won by resignation"]

1. d4 d5 2. c4 c6 3. cxd5 cxd5 4.
Nf3 Nc6 5. Nc3 Nf6 6. Bf4 Bf5 7. e3 e6 8. Be2 Bd6 9. Bxd6 Qxd6 10. O-O O-O 11. Rc1 h6 12. a3 Rac8 13. b4 a6 14. Na4 e5 15. Nc5 Rb8 16. dxe5 Nxe5 17. Nd4 Bd7 18. h3 Rfe8 19. Qb3 Re7 20. Rc2 Qb6 21. Nxd7 Rxd7 22. Rfc1 Ng6 23. Bd3 Ne5 24. Bf5 Rdd8 25. Rc7 Nc4 26. Rc5 Qd6 27. Qa4 g6 28. Bd3 Ne5 29. Be2 Kg7 30. R5c2 Nfd7 31. Qb3 Nf6 32.
a4 Ne4 33. b5 Qf6 34. Bf1 axb5 35. axb5 Nc4 36. Bxc4 dxc4 37. Qxc4 Rbc8 38. Qe2 Rxc2 39. Rxc2 Qe5 40. Qf3 Nd6 41. Rc1 Rf8 42. Qf4 Qxf4 43. exf4 Rd8 44. Rc7 Kf6 45. g3 g5 46. fxg5+ hxg5 47. Kg2 Ke5 48. Nf3+ Kf6 49. Rc5 Ne4 50. Rc4 Re8 51.
b6 Re6 52. Rb4 Nd6 53. Nd4 Kg6 54. Nxe6 fxe6 55. Rd4 Kf6 56. Rxd6 Ke5 57. Rd7 Kf6 58. Rxb7 Ke5 59. Rb8 1-0

[Event "*** Titled Tuesday Blitz"]
[Site "Chess.com"]
[Date "2020.05.12"]
[Round "2"]
[White "Kensei26"]
[Black "Tashik"]
[Result "0-1"]
[WhiteElo "2205"]
[BlackElo "2444"]
[TimeControl "180+1"]
[EndTime "10:19:06 PDT"]
[Termination "Tashik won on time"]

1. e4 e5 2. Nf3 Nc6 3. Bb5 a6 4.
Ba4 Nf6 5. O-O b5 6. Bb3 Bc5 7. c3 d6 8. d4 Bb6 9. a4 Rb8 10.
a5 Ba7 11. Be3 Bg4 12. h3 Bxf3 13. gxf3 Nh5 14. Kh2 Qf6 15. dxe5 Qxe5+ 16. f4 Nxf4 17. Qf3 Ng6+ 18. Kh1 O-O 19. Nd2 Bxe3 20. fxe3 Kh8 21. Rf2 Nd8 22. Rg1 Ne6 23. Qf5 b4 24. Nf3 Qxf5 25.
exf5 Nc5 26. fxg6 Nxb3 27. Ng5 fxg6 28. Rgf1 Rxf2 29. Rxf2 bxc3 30. bxc3 Nxa5 31. Rf7 h6 32. Ne6 Re8 33. Nxg7 Rxe3 34. Rxc7 Rxh3+ 35. Kg2 Rd3 36. Ne6 g5 37. Rf7 Rxc3 38. Rf8+ Kh7 39. Rf7+ Kg6 40. Ra7 Rc2+ 41. Kf3 Nc4 42. Rxa6 Ne5+ 43. Ke4 Re2+ 44. Kd4 Kf5 45. Ng7+ Kg4 46. Kc3 Nf7 47. Ra7 Rf2 48. Ne6 h5 49. Kd4 h4 50. Kd5 h3 51. Ra4+ Kg3 52.
Ra3+ Rf3 53. Ra2 h2 54. Ra1 Kg2 55. Nd4 Rf1 56. Ra2+ Rf2 57. Ra1 h1=Q 58. Rxh1 Kxh1 59. Ke6 g4 60. Nf5 Kh2 0-1

[Event "*** Titled Tuesday Blitz"]
[Site "Chess.com"]
[Date "2020.05.12"]
[Round "2"]
[White "woodhy"]
[Black "Susal_De_Silva"]
[Result "1-0"]
[WhiteElo "2461"]
[BlackElo "2234"]
[TimeControl "180+1"]
[EndTime "10:19:07 PDT"]
[Termination "woodhy won by resignation"]

1. e4 e5 2. Nf3 Nc6 3. Bb5 a6 4. Bxc6 dxc6 5. O-O Bg4 6. h3 h5 7. d3 Qf6 8. Be3 Bd6 9. Nbd2 Ne7 10. hxg4 hxg4 11.
g3 gxf3 12. Qxf3 Qxf3 13. Nxf3 O-O-O 14. Kg2 g6 15. Rh1 f5 16. Ng5 f4 17. gxf4 exf4 18. Bd4 Rh5 19. Ne6 Rg8 20. Rxh5 gxh5+ 21. Kf3 Kd7 22.
Ng7 h4 23. Rh1 Ng6 24. Nf5 c5 25. Bc3 Be7 26. Nh6 Rf8 27. Ng4 b5 28. b3 b4 29.
Bb2 Ke6 30. Nh6 Bg5 31. Rg1 Ne5+ 32. Bxe5 Bxh6 33. Rg6+ Kxe5 34. Rxh6 Kd4 35. Rh5 h3 36.
Rd5+ Kc3 37. Rxc5+ Kd2 38. Rh5 Kxc2 39. d4 Kb2 40.
Rxh3 Kxa2 41. e5 a5 42. Ke4 a4 43. bxa4 b3 44. e6 b2 45. Rh1 b1=Q+ 46. Rxb1 Kxb1 47. Ke5 Kc2 48. e7 Re8 49. Ke6 Kd3 50. a5 Ke2 51. a6 Kxf2 52. a7 c5 53. dxc5 Ra8 54. c6 f3 55. Kd7 Ke1 56. e8=Q+ Rxe8 57. Kxe8 f2 58. a8=Q f1=Q 59. Qa1+ 1-0